 Dungeon Crawl Stone Soup version 0.27.1-1-g398f81649c (webtiles) character file.

Game seed: 15531962114677773495

29738 pokedragonboy the Arsonist (level 13, -6/63 HPs)
             Began as a Deep Elf Fire Elementalist on Sept 11, 2021.
             Was a High Priest of Vehumet.
             Mangled by a hell rat (17 damage)
             ... on level 5 of the Lair of Beasts.
             The game lasted 01:11:37 (20647 turns).

pokedragonboy the Arsonist (DEFE)                  Turns: 20647, Time: 01:11:38

Health: -6/63      AC:  6    Str:  5    XL:     13   Next: 16%
Magic:  1/40       EV: 13    Int: 29    God:    Vehumet [*****.]
Gold:   1226       SH:  0    Dex: 15    Spells: 11/37 levels left

rFire    + . .     SeeInvis +   N - staff of earth
rCold    x . .     Faith    +   (no shield)
rNeg     + + .     Spirit   .   i - +1 robe {rF+}
rPois    .         Reflect  .   J - +1 hat {Int+3}
rElec    .         Harm     .   L - +0 cloak {rCorr}
rCorr    +         Rampage  .   (no gloves)
Will     ++...                  P - +0 pair of boots
Stlth    ++........             T - amulet of faith
HPRegen  0.20/turn              l - ring of fire
MPRegen  0.27/turn              D - ring "Geingup" {rF- rN++ Will+ MP+9 SInv}

@: no status effects
A: no striking features
a: Renounce Religion


You were on level 5 of the Lair of Beasts.
You worshipped Vehumet.
Vehumet was extremely pleased with you.
You visited 2 branches of the dungeon, and saw 14 of its levels.
You also visited: Bailey.

You collected 1226 gold pieces.

Inventory:

Hand Weapons
 a - a +0 dagger
 m - a +2 rapier of venom
 q - a +0 whip of flaming
 t - a +5 short sword
Missiles
 V - a throwing net
Armour
 i - a +1 robe of fire resistance (worn)
 x - the +1 ring mail "Tyedicah" {rC+ Str+2}
   (You found it on level 5 of the Dungeon)

   Str:       It affects your strength (+2).
   rC:        It protects you from cold.
 F - a +0 crystal plate armour
 J - a +1 hat of intelligence (worn)
 L - a +0 cloak of preservation (worn)
 P - a +0 pair of boots (worn)
 Q - a +2 hat
 S - a +2 helmet
Magical Staves
 H - a staff of cold
 N - a staff of earth (weapon)
Jewellery
 l - a ring of fire (left hand)
 y - a ring of protection from cold
 A - the amulet of Ceble {Spirit rElec rPois Stlth-}
   (You acquired it on level 8 of the Dungeon)

   [amulet of guardian spirit]

   It causes incoming damage to be divided between your reserves of health and
   magic.
   rElec:     It insulates you from electricity.
   rPois:     It protects you from poison.
   Stlth:     It makes you less stealthy.
 B - a ring of flight
 D - the ring "Geingup" (right hand) {rF- rN++ Will+ MP+9 SInv}
   (You found it on level 7 of the Dungeon)

   [ring of willpower]

   rF:        It makes you vulnerable to fire.
   rN:        It greatly protects you from negative energy.
   MP:        It affects your magic capacity (+9).
   SInv:      It lets you see invisible.
   Will:      It increases your willpower.
 G - the ring "Fumaru" {AC+4 Dex+3 SInv}
   (You took it off an orc in a bailey)

   [ring of protection]

   AC:        It affects your AC (+4).
   Dex:       It affects your dexterity (+3).
   SInv:      It lets you see invisible.
 T - an amulet of faith (around neck)
Wands
 n - a wand of iceblast (8)
 v - a wand of paralysis (23)
 z - a wand of mindburst (43)
 K - a wand of polymorph (7)
 O - a wand of digging (6)
 U - a wand of flame (23)
Scrolls
 d - 3 scrolls of blinking
 e - 4 scrolls of enchant armour
 f - 3 scrolls of amnesia
 j - 2 scrolls of silence {unknown}
 k - 3 scrolls of teleportation
 o - 2 scrolls of noise {unknown}
 r - a scroll of magic mapping
 s - 2 scrolls of acquirement
 u - 2 scrolls of brand weapon {unknown}
 E - a scroll of immolation {unknown}
 R - 2 scrolls of vulnerability {unknown}
Potions
 b - 10 potions of curing
 c - 2 potions of heal wounds
 g - 4 potions of brilliance
 h - 3 potions of lignification
 p - 2 potions of cancellation {unknown}
 w - 2 potions of might {unknown}
 C - 2 potions of haste {unknown}
 I - 3 potions of invisibility
Miscellaneous
 M - a phial of floods


   Skills:
 - Level 3.0 Dodging
 - Level 3.0 Stealth
 + Level 12.7 Spellcasting
 * Level 14.4 Conjurations
 - Level 5.0 Necromancy
 - Level 3.0 Translocations
 * Level 14.7 Fire Magic
 - Level 3.0 Earth Magic


You had 11 spell levels left.
You knew the following spells:

 Your Spells              Type           Power      Damage    Failure   Level
a - Foxfire               Conj/Fire      100%       2x1d9     0%          1
b - Conjure Flame         Conj/Fire      100%       6-21      0%          3
c - Blink                 Tloc           N/A        N/A       1%          2
d - Inner Flame           Hex/Fire       75%        N/A       1%          3
e - Fireball              Conj/Fire      50%        3d20      1%          5
f - Iron Shot             Conj/Erth      40%        9d8       3%          6
g - Sublimation of Blood  Necr           23%        N/A       1%          2
h - Sticky Flame          Conj/Fire      100%       2d11      1%          4

Your spell library contained the following spells:

 Spells                   Type           Power      Damage    Failure   Level
 Lightning Bolt           Conj/Air       28%        1d45      1%          5
 Animate Skeleton         Necr           94%        N/A       1%          1
 Apportation              Tloc           70%        N/A       1%          1
 Sandblast                Erth           100%       2d20      1%          1
 Ignite Poison            Fire/Tmut/Pois 63%        N/A       1%          3
 Mephitic Cloud           Conj/Pois/Air  46%        N/A       1%          3
 Bolt of Magma            Conj/Fire/Erth 55%        4d22      1%          5
 Corona                   Hex            20%        N/A       2%          1
 Summon Small Mammal      Summ           72%        N/A       2%          1
 Passwall                 Tmut/Erth      33%        N/A       2%          2
 Lesser Beckoning         Tloc           17%        N/A       2%          3
 Wereblood                Tmut           18%        N/A       4%          2
 Portal Projectile        Hex/Tloc       54%        N/A       4%          3
 Lee's Rapid Deconstruct  Erth           26%        3d15*     6%          5
 Excruciating Wounds      Necr           23%        N/A       10%         5
 Animate Armour           Summ/Erth      80%        N/A       16%         4
 Manifold Assault         Tloc           35%        N/A       22%         5
 Blade Hands              Tmut           9%         N/A       61%         5
 Summon Hydra             Summ           9%         N/A       100%        7


Dungeon Overview and Level Annotations

Branches:
Dungeon (9/15)             Temple (0/1) D:6            Lair (5/6) D:9
 Shoals (0/4) Lair:2       Spider (0/4) Lair:2       Bailey (visited)
  Slime: Lair:5-6       Orc: D:9-12

Altars:
Dithmenos
Makhleb
Nemelex Xobeh
Okawaru
Sif Muna
Vehumet
The Shining One
Beogh


Message History

Confirm with . or Enter, or press ? or * to list all spells.
You don't have enough magic to cast this spell.
Casting: Fireball (safe; 1% risk of failure)
Confirm with . or Enter, or press ? or * to list all spells.
You feel a surge of power!
You conjure some foxfire!
The manticore flicks its tail.
The volley of spikes misses you.
The foxfire hits the manticore!
The manticore is severely wounded.
The foxfire hits the manticore.
The manticore is severely wounded.
The manticore flicks its tail.
The volley of spikes misses you.
Casting: Foxfire (safe; 0% risk of failure)
Confirm with . or Enter, or press ? or * to list all spells.
You draw magical energy from your own body!
Casting: Sublimation of Blood (safe; 1% risk of failure)
Confirm with . or Enter, or press ? or * to list all spells.
Aiming: Fireball (safe; 1% risk of failure)
Press: ? - help, Shift-Dir - straight line, f - manticore
Aim: a manticore (severely wounded)
You feel a surge of power!
The fireball explodes!
The fireball engulfs the manticore!!
You kill the manticore!
Vehumet accepts your kill.
A hell rat is nearby!
Casting: Fireball (safe; 1% risk of failure)
Confirm with . or Enter, or press ? or * to list all spells.
You feel a surge of power!
You conjure some foxfire!
The hell rat roars deafeningly!
The foxfire hits the hell rat but does no damage.
The foxfire hits the hell rat.
The hell rat is moderately wounded.
You barely miss the hell rat.
The hell rat is moderately wounded.
The hell rat misses you.
Casting: Foxfire (safe; 0% risk of failure)
Confirm with . or Enter, or press ? or * to list all spells.
You feel a surge of power!
You conjure some foxfire!
The hell rat bites you!
You die...

#..†# ##..#
#.## ##.#
##Pr##
#####PP..###
#P..PPP+#.P#
#.....P.r..##
+.....v@.##.#
#.....v...###
##<.......##
#.........#
#.........#
##........P#
#P........P.#
##..........#
#..#...##P##


You could see a hell rat (ally target).

Vanquished Creatures
  Gastronok (D:8)
  4 hydras
  A two-headed ogre (D:8)
  3 death yaks (D:9)
  Nergalle (Lair:3)
  Pikel (D:4)
  2 oklob plants (Lair:4)
  A manticore (Lair:5)
  Maurice (D:8)
  A black mamba (Lair:1)
  A torpor snail (Lair:4)
  9 cane toads
  4 rime drakes
  3 komodo dragons
  A troll (D:8)
  A hornet (Lair:4)
  6 blink frogs (Lair:3)
  Grinder (D:4)
  A redback (Lair:2)
  7 wyverns
  30 yaks
  A steam dragon (D:9)
  5 basilisks
  Eustachio (D:4)
  10 water moccasins
  A floating eye (Lair:4)
  13 orc warriors
  2 black bears
  An ogre (D:6)
  9 wolves (Lair:3)
  4 necrophages
  8 centaurs (Bailey)
  A kobold brigand (D:7)
  4 lemures (D:4)
  Blork the orc (D:4)
  9 bullfrogs
  A gnoll sergeant (D:8)
  2 scorpions (D:6)
  A wyvern zombie (D:7)
  A water moccasin zombie (D:6)
  A wyvern skeleton (D:5)
  2 water moccasin skeletons (D:6)
  3 killer bees (D:4)
  5 wights (D:8)
  3 howler monkeys
  3 electric eels
  A centaur zombie (D:9)
  3 orc priests
  6 hounds
  A gnoll shaman (D:7)
  2 centaur skeletons
  2 jellies
  Jessica (D:3)
  7 orc wizards
  5 hell rats
  2 iguanas
  2 killer bee zombies
  A hound skeleton (D:4)
  A howler monkey zombie (D:5)
  13 gnolls
  4 adders
  3 river rats (D:9)
  A white imp (D:5)
  An ufetubus (D:5)
  A worm (D:5)
  2 dart slugs
  46 orcs
  7 endoplasms
  3 giant cockroaches
  8 hobgoblins
  5 jackals
  16 kobolds
  3 quokkas
  2 ball pythons
  5 bats
  3 frilled lizards
  5 goblins
  6 rats
  3 bushes (Lair:4)
343 creatures vanquished.

Vanquished Creatures (collateral kills)
  12 foxfires
12 creatures vanquished.

Vanquished Creatures (others)
  A bush (Lair:2)
  1357 foxfires
  13 fungi
  42 plants
1413 creatures vanquished.

Grand Total: 1768 creatures vanquished

Notes
Turn   | Place    | Note
-------+----------+-------------------------------------------
     0 | D:1      | pokedragonboy the Deep Elf Fire Elementalist began the
                  | quest for the Orb.
     0 | D:1      | Reached XP level 1. HP: 10/10 MP: 6/6
   175 | D:1      | Found a faded altar of an unknown god.
   382 | D:1      | Reached XP level 2. HP: 15/15 MP: 6/8
  1106 | D:2      | Reached XP level 3. HP: 19/19 MP: 7/9
  2570 | D:3      | Noticed Jessica
  2576 | D:3      | Learned a level 3 spell: Conjure Flame
  2597 | D:3      | Killed Jessica
  2598 | D:3      | Reached XP level 4. HP: 12/24 MP: 0/11
  3244 | D:3      | Learned a level 2 spell: Blink
  3392 | D:3      | Reached XP level 5. HP: 16/28 MP: 6/13
  3612 | D:3      | Noticed a black bear
  4040 | D:3      | Killed a black bear
  4041 | D:3      | Reached skill level 5 in Fire Magic
  4041 | D:3      | Reached XP level 6. HP: 14/32 MP: 7/14
  4692 | D:4      | Noticed Eustachio
  4702 | D:4      | Killed Eustachio
  4703 | D:4      | Reached skill level 5 in Spellcasting
  5011 | D:4      | Reached skill level 5 in Conjurations
  5011 | D:4      | Reached XP level 7. HP: 36/36 MP: 5/16
  5225 | D:4      | Found a shadowy altar of Dithmenos.
  5229 | D:4      | Noticed Pikel
  5407 | D:4      | Noticed Blork the orc
  5411 | D:4      | Killed Blork the orc
  5526 | D:4      | Noticed Grinder
  5548 | D:4      | Killed Grinder
  5742 | D:4      | Learned a level 3 spell: Inner Flame
  5748 | D:4      | Learned a level 5 spell: Fireball
  5772 | D:4      | Found a glowing golden altar of the Shining One.
  5804 | D:4      | Killed Pikel
  5805 | D:4      | Reached XP level 8. HP: 41/41 MP: 0/19
  5810 | D:4      | Found a sparkling altar of Nemelex Xobeh.
  6206 | D:5      | Entered Level 5 of the Dungeon
  7265 | D:5      | Identified the +1 ring mail "Tyedicah" {rC+ Str+2}
  7310 | D:5      | Found a radiant altar of Vehumet.
  7319 | D:5      | Became a worshipper of Vehumet
  8116 | D:6      | Reached XP level 9. HP: 45/45 MP: 0/22
  8268 | D:6      | Reached skill level 1 in Translocations
  8507 | D:6      | Learned a level 4 spell: Sticky Flame
  8892 | D:6      | Found a staircase to the Ecumenical Temple.
  9333 | D:7      | Found an iron altar of Okawaru.
  9348 | D:7      | Identified the ring "Geingup" {rF- rN++ Will+ MP+9 SInv}
  9439 | D:7      | Learned a level 2 spell: Sublimation of Blood
  9888 | D:7      | Reached * piety under Vehumet
  9888 | D:7      | Offered knowledge of Sandblast by Vehumet.
 10642 | D:8      | Noticed a two-headed ogre
 10647 | D:8      | Noticed a troll
 10651 | D:8      | Killed a troll
 10657 | D:8      | Reached skill level 10 in Fire Magic
 10665 | D:8      | Killed a two-headed ogre
 10666 | D:8      | Reached XP level 10. HP: 50/50 MP: 16/24
 10687 | D:8      | You fall into a shaft and drop 1 floor!
 10752 | D:9      | Found a flagged portal.
 10891 | Bailey   | Entered a bailey
 11115 | Bailey   | Reached skill level 10 in Conjurations
 11118 | Bailey   | Reached ** piety under Vehumet
 11118 | Bailey   | Offered knowledge of Magic Dart by Vehumet.
 11467 | Bailey   | Identified the ring "Fumaru" {AC+4 Dex+3 SInv}
 12454 | D:8      | You fall into a shaft and drop 1 floor!
 12518 | D:8      | Noticed Gastronok
 12540 | D:8      | Killed Gastronok
 12541 | D:8      | Reached skill level 10 in Spellcasting
 12857 | D:8      | Noticed Maurice
 12863 | D:8      | Killed Maurice
 12864 | D:8      | Reached XP level 11. HP: 54/54 MP: 18/27
 13043 | D:8      | Offered knowledge of Dazzling Flash by Vehumet.
 13368 | D:8      | Acquired the amulet of Ceble {Spirit rElec rPois Stlth-}
 13979 | D:9      | Noticed a death yak
 13981 | D:9      | Noticed a death yak
 13995 | D:9      | Killed a death yak
 14015 | D:9      | Noticed a death yak
 14406 | D:9      | Found a shimmering blue altar of Sif Muna.
 14418 | D:9      | Reached *** piety under Vehumet
 14426 | D:9      | Learned a level 6 spell: Iron Shot
 14621 | D:9      | Found a staircase to the Lair.
 14627 | D:9      | Killed a death yak
 14751 | D:9      | Killed a death yak
 15369 | Lair:1   | Entered Level 1 of the Lair of Beasts
 15456 | Lair:1   | Found a burning altar of Makhleb.
 15750 | Lair:1   | Offered knowledge of Iskenderun's Mystic Blast by Vehumet.
 15756 | Lair:1   | Reached skill level 1 in Earth Magic
 16238 | Lair:2   | Noticed a five-headed hydra
 16243 | Lair:2   | Killed a five-headed hydra
 16481 | Lair:2   | You fall into a shaft and drop 2 floors!
 16938 | Lair:2   | Found a hole to the Spider Nest.
 16953 | Lair:2   | Reached XP level 12. HP: 59/59 MP: 29/29
 17061 | Lair:2   | Identified the +7 chain mail of Kikubaaqudgha's Fury
                  | {Int+3}
 17312 | Lair:2   | Found a staircase to the Shoals.
 17611 | Lair:3   | Noticed Nergalle
 17621 | Lair:3   | Killed Nergalle
 17867 | Lair:3   | Noticed a four-headed hydra
 17870 | Lair:3   | Killed a four-headed hydra
 17877 | Lair:3   | Reached **** piety under Vehumet
 18072 | Lair:3   | Offered knowledge of Ignite Poison by Vehumet.
 18369 | Lair:3   | Reached skill level 1 in Necromancy
 19367 | Lair:4   | Paralysed by a floating eye for 2 turns
 19681 | Lair:4   | Noticed a seven-headed hydra
 19684 | Lair:4   | Killed a seven-headed hydra
 19973 | Lair:4   | Noticed a six-headed hydra
 19984 | Lair:4   | Killed a six-headed hydra
 20127 | Lair:4   | Reached XP level 13. HP: 63/63 MP: 23/31
 20128 | Lair:4   | Reached skill level 5 in Necromancy
 20573 | Lair:5   | Reached ***** piety under Vehumet
 20592 | Lair:5   | Offered knowledge of Lightning Bolt by Vehumet.
 20647 | Lair:5   | Mangled by a hell rat

Illustrated notes

Levels and vault maps discovered:
D:1:      ncdulo_halloftheorcs, layout_basic,
          shapermc_ecumenical_altar_starsandcircs
D:2:      layout_loops_ring
D:3:      layout_basic, kennysheep_orc_chapel, uniq_jessica
D:4:      layout_basic, mainiacjoe_overflow_catwalk_spiral,
          nicolae_dithmenos_shadow_blocks, uniq_grinder, uniq_blork_the_orc,
          uniq_eustachio, uniq_pikel
D:5:      layout_loops_corners, nicolae_vehumet_altar_sigil,
          kennysheep_generic_room_12
D:6:      layout_cave_pools, minmay_temple_entry_crystal_x
D:7:      layout_basic, nicolae_overflow_crystal_walls
D:8:      layout_basic, minmay_misc_feat_doors, uniq_gastronok, uniq_maurice
D:9:      layout_layer_cave, nicolae_sif_muna_condensation, dpeg_lair_monsters,
          enter_bailey_4
Lair:1:   layout_regular_city, basic_altar
Lair:2:   layout_regular_city, elwin_shoals_entry_rocks,
          spider_nest_entry_rubble, serial_bayou_shore_a
Lair:3:   layout_long_grid, serial_bayou_ford_a, uniq_nergalle
Lair:4:   layout_roguey, disabler_island, infiniplex_staircase_pool
Lair:5:   layout_roguey [special_room_mythical_zoo]

Skill      XL: |  1  2  3  4  5  6  7  8  9 10 11 12 13 |
---------------+----------------------------------------+-----
Conjurations   | 2 3 4 5 6 8 9 11 12 14 | 14.4
Fire Magic     | 4 5 6 7 8 10 11 13 14 | 14.7
Stealth        | 3 |  3.0
Spellcasting   | 4 5 6 7 8 10 11 12 | 12.7
Dodging        | 3 |  3.0
Translocations | 3 |  3.0
Earth Magic    | 2 3 |  3.0
Necromancy     | 4 5 |  5.0

Action                   |  1- 3 |  4- 6 |  7- 9 | 10-12 | 13-15 || total
-------------------------+-------+-------+-------+-------+-------++-------
Melee: Unarmed           |     4 |     1 |       |       |       ||     5
       Dagger            |       |     5 |       |    23 |       ||    28
       Rapier            |       |       |    11 |       |       ||    11
       Staff             |       |       |       |       |     1 ||     1
 Cast: Foxfire           |   113 |    69 |   309 |   351 |    20 ||   862
       Conjure Flame     |       |     3 |    16 |    11 |       ||    30
       Inner Flame       |       |       |    12 |    13 |     2 ||    27
       Blink             |       |       |    11 |    24 |     5 ||    40
       Fireball          |       |       |       |   126 |    18 ||   144
       Sublimation of Bl |       |       |       |     6 |     5 ||    11
       Sticky Flame      |       |       |       |    12 |       ||    12
       Iron Shot         |       |       |       |     2 |       ||     2
  Use: Potion            |     1 |       |       |     2 |       ||     3
       Scroll            |       |       |     6 |     5 |     2 ||    13
Armor: Robe              |     7 |    16 |    13 |    22 |       ||    58
Dodge: Dodged            |    42 |    34 |    51 |    61 |    12 ||   200
